 Dungeon Crawl Stone Soup version 0.31.0-9-g3a7656b989 (webtiles) character file.

Game seed: 17443329699605808480

589 Gottschkopf the Changeling (level 7, -8/53 HPs)
             Began as a Black Draconian Shapeshifter on Jan 31, 2024.
             Was a Believer of Dithmenos.
             Killed from afar by a white imp (11 damage)
             ... with a puff of frost
             ... on level 5 of the Dungeon.
             The game lasted 00:07:29 (2747 turns).

Gottschkopf the Changeling (DrSh)                   Turns: 2747, Time: 00:07:30

Health: -8/53      AC:  6    Str: 18    XL:     7   Next: 15%
Magic:  16/16      EV: 12    Int: 10    God:    Dithmenos [**....]
Gold:   113        SH:  0    Dex: 11    Spells: 6/6 levels left

rFire   . .          .
                       - Unarmed
rCold   . . .        (no shield)
rNeg    . . .        (body armour unavailable)
rPois   .            (helmet currently unavailable)
rElec   +            k - melded scarf {repulsion}
rCorr   .            (gloves currently unavailable)
SInv    .            (boots currently unavailable)
Will    .....        (no amulet)
Stlth   +            q - ring of magical power
HPRegen 0.28/turn    (no ring)
MPRegen 0.15/turn

%: no passive effects
@: brilliant, beast-form, wreathed by umbra
A: beast (slay +4), breathe lightning, AC +6, unfitting armour, electricity
resistance, cold-blooded
a: Breathe Lightning, Begin Untransformation, Renounce Religion, Shadow Step


You were on level 5 of the Dungeon.
You worshipped Dithmenos.
Dithmenos was pleased with you.
You were a hulking beast.
You visited 1 branch of the dungeon, and saw 5 of its levels.

You collected 113 gold pieces.

Inventory:

Hand Weapons
 r - a +1 hand axe of flaming
Armour
 k - a scarf of repulsion (melded)
Magical Staves
 v - a staff of fire
 w - a staff of air
Jewellery
 q - a ring of magical power (left hand)
Talismans
 b - a beast talisman (active)
 c - a flux talisman
Wands
 u - a wand of paralysis (5)
Scrolls
 f - 3 scrolls of enchant armour {unknown}
 g - a scroll of teleportation {unknown}
 i - a scroll of silence {unknown}
 l - 8 scrolls of identify {unknown}
 m - a scroll of revelation {unknown}
 o - a scroll of noise {unknown}
 s - 3 scrolls of amnesia {unknown}
Potions
 a - a potion of lignification
 d - a potion of brilliance
 e - a potion of curing
 h - a potion of berserk rage {unknown}
 j - a potion of attraction {unknown}
 n - a potion of degeneration {unknown}
 p - a potion of cancellation {unknown}
 t - a potion of ambrosia {unknown}


   Skills:
 + Level 1.9 Fighting
 - Level 1.7 Dodging
 - Level 4.3 Unarmed Combat
 - Level 7.0 Shapeshifting


You had 6 spell levels left.
You didn't know any spells.
Your spell library was empty.

Dungeon Overview and Level Annotations

Branches:
Dungeon (4/15)
 Temple: D:4-7

Altars:
Dithmenos
Kikubaaqudgha


Innate Abilities, Weirdness & Mutations

You are a hulking beast.
Your limbs bulge with bestial killing power. (Slay +4)
You can breathe wild blasts of lightning.
Your glossy black scales are hard. (AC +6)
You cannot fit into any form of body armour.
You are resistant to electric shocks. (rElec)
You are cold-blooded and may be slowed by cold attacks.


Message History

The puff of frost hits you.
Things that are here:
a +0 falchion; an orc corpse The white imp shouts!
An orc wizard comes into view. It is wielding a +0 dagger.
You closely miss the white imp.
The orc wizard shouts!
You hear a shout!
The white imp completely misses you.
You hear a shout!
You punch the white imp!
The white imp is severely wounded.
The white imp hits you but does no damage.
You barely miss the white imp.
The white imp is severely wounded.
The white imp shouts, "Run away, thou paunchy wibble-sucking beggar!"
The white imp hits you.
* * * LOW HITPOINT WARNING * * *
The white imp freezes you.
You feel yourself slow down.
* * * LOW HITPOINT WARNING * * *
You punch the white imp!
You kill the white imp!
Dithmenos accepts your kill.
You feel yourself speed up.
A phantom comes into view. 2 orc wizards come into view.
The orc wizard hits you with a +0 dagger.
* * * LOW HITPOINT WARNING * * *
You barely miss the orc wizard.
Your tail-slap misses the orc wizard.
The orc wizard barely misses you.
You hit the orc wizard.
Your tail-slap misses the orc wizard.
Your punch misses the orc wizard.
The orc wizard is lightly wounded.
You closely miss the orc wizard.
The orc wizard is lightly wounded.
The orc wizard gestures at you while chanting.
The puff of flame hits you!
* * * LOW HITPOINT WARNING * * *
The white imp gestures at you. The puff of frost hits you!
You die...

##..#...###.#.....
#####...#..##.........
##..#..................
#.......†..............
##.......##.##......##.
#.)................# .
##....................
##..o................
##.h5..........#..#.
#..♣§.....####.##...
#...###.o... .# #..
#...## ..o... .# ..##.
#......# ... .. ... ..
... . ..


You could see 3 orc wizards and a white imp.

Vanquished Creatures
  Grinder (D:4)
  Sigmund (D:2)
  A phantom (D:4)
  A hound (D:5)
  A bombardier beetle (D:5)
  2 adders
  A white imp (D:5)
  2 dart slugs (D:1)
  A ribbon worm (D:2)
  An orc (D:5)
  5 bats
  6 endoplasms
  8 goblins
  4 hobgoblins
  6 jackals
  4 kobolds
  4 quokkas
  6 ball pythons
  5 frilled lizards
60 creatures vanquished.

Notes
Turn   | Place    | Note
-------+----------+-------------------------------------------
     0 | D:1      | Gottschkopf the Draconian Shapeshifter began the quest for
                  | the Orb.
     0 | D:1      | Reached XP level 1. HP: 16/16 MP: 1/1
    85 | D:1      | Reached XP level 2. HP: 20/23 MP: 2/2
   226 | D:1      | Found a faded altar of an unknown god.
   270 | D:1      | Prayed at the altar of an unknown god.
   270 | D:1      | Became a worshipper of Dithmenos the Shadowed
   270 | D:1      | Reached * piety under Dithmenos
   518 | D:1      | Reached XP level 3. HP: 28/28 MP: 3/3
   698 | D:2      | Identified the +2 robe "Rewum" {Will- Int+6}
   817 | D:2      | Reached ** piety under Dithmenos
   923 | D:2      | Noticed Sigmund
  1010 | D:2      | Killed Sigmund
  1011 | D:2      | Reached skill level 5 in Shapeshifting
  1011 | D:2      | Reached XP level 4. HP: 13/35 MP: 4/4
  1011 | D:2      | Reached XP level 5. HP: 15/40 MP: 5/5
  2436 | D:4      | Found an ancient bone altar of Kikubaaqudgha.
  2450 | D:4      | Noticed Grinder
  2452 | D:4      | Paralysed by Grinder for 2 turns
  2467 | D:4      | Killed Grinder
  2468 | D:4      | Reached skill level 6 in Shapeshifting
  2468 | D:4      | Reached XP level 6. HP: 33/47 MP: 6/6
  2663 | D:4      | Your scales start taking on a glossy black colour.
  2663 | D:4      | Reached XP level 7. HP: 52/52 MP: 7/7
  2663 | D:4      | Gained mutation: You are resistant to electric shocks.
                  | (rElec) [Black Draconian growth]
  2696 | D:4      | You fall into a shaft and drop 1 floor!
  2696 | D:5      | Entered Level 5 of the Dungeon
  2723 | D:5      | Reached skill level 7 in Shapeshifting
  2747 | D:5      | Killed from afar by a white imp

Illustrated notes

Levels and vault maps discovered:
D:1:      minmay_arrival_plants_in_alcoves, layout_basic,
          hellmonk_ecumenical_altar_lost_god
D:2:      layout_rooms, uniq_sigmund
D:3:      layout_basic, nicolae_kite_square_tiling_tiny
D:4:      layout_loops_corners, mainiacjoe_overflow_chevrons,
          gup_sewer_entry_spiral, kennysheep_generic_room_7, uniq_grinder
D:5:      kennysheep_spiral_hall, layout_cave_pools, serial_demonic,
          serial_demonic_d, serial_demonic_e, serial_demonic_c, serial_demonic_c

Skill      XL: |  1  2  3  4  5  6  7 |
---------------+----------------------+-----
Unarmed Combat | 4 |  4.3
Shapeshifting  | 5 6 7 |  7.0
Fighting       | |  1.9
Dodging        | |  1.7

Action                     |  1- 3 |  4- 6 |  7- 9 || total
---------------------------+-------+-------+-------++-------
  Melee: Unarmed           |   111 |    54 |    13 ||   178
         Tailslap          |    15 |     4 |     1 ||    20
         Punch             |       |     4 |       ||     4
Ability: Breathe Lightning |       |       |     1 ||     1
    Use: Potion            |       |     1 |     2 ||     3
 Armour: Skin              |    54 |    25 |    11 ||    90
  Dodge: Dodged            |    78 |    32 |    10 ||   120
   Form: Beast             |     2 |       |       ||     2
                           |     1 |       |       ||     1
